Nordiques vs Lightning
Created - May 1, 2018 at 20:05
Goals
|
| Nordiques |
1 |
1 |
0 |
2 |
| Lightning |
0 |
0 |
1 |
1 |
|
Shots
|
| Nordiques |
7 |
18 |
9 |
34 |
| Lightning |
6 |
13 |
12 |
31 |
|
1st period
1. Nordiques , Vladimir Tarasenko 35 (Mark Eaton 17, Tim Connolly 65) at 18:31
Penalties :
Loui Eriksson (TB.) for Roughing (Minor) at 2:33, Ryan Ellis (Que) for Tripping (Minor) at 19:46
2nd period
2. Nordiques , Daniel Briere 41 (Marek Svatos 50) at 5:09 (PP)
Penalties :
Pierre-Marc Bouchard (TB.) for Goalie Interference (Minor) at 4:57, Reilly Smith (TB.) for Interference (Minor) at 8:47, Kyle Calder (Que) for Holding (Minor) at 16:29
3rd period
3. Lightning , Henrik Zetterberg 44 (Pierre-Luc Létourneau 6) at 4:22
Penalties :
Paul Gaustad (Que) for Tripping (Minor) at 15:26
Goalie Stats
Jonathan Quick (Que), 30 saves from 31 shots - (0.968), W, 38-20-10, 60:00 minutes
Jaroslav Halak (TB.), 32 saves from 34 shots - (0.941), L, 31-33-9, 58:59 minutes
Players Stats for Nordiques
Player Name G A P +/- PIM S H SB GA TA FO MP PP MP PK MP
------------------------------------------------------------------------------------
Bruno Gervais 0 0 0 0 0 1 2 3 0 2 0/0 26:44 2:27 3:46
Daniel Briere 1 0 1 -1 0 5 1 1 0 0 16/33 18:35 2:29 0:33
Jean-Pierre Dumont 0 0 0 0 0 0 0 0 0 0 1/1 12:32 1:41 0:00
Kyle Calder 0 0 0 1 2 1 3 0 0 0 0/0 15:08 0:00 0:57
Marc-André Gragnani 0 0 0 0 0 0 2 0 0 0 0/0 21:05 1:43 1:53
Marek Svatos 0 1 1 -1 0 6 2 2 0 0 2/8 22:05 2:29 3:26
Mark Eaton 0 1 1 0 0 0 1 2 1 1 0/0 21:47 1:43 2:35
Matt Gilroy 0 0 0 0 0 0 2 0 0 1 0/0 11:56 0:00 0:18
Matt Moulson 0 0 0 0 0 0 0 0 0 0 0/0 10:58 0:00 0:12
Michael Ryder 0 0 0 0 0 3 0 0 0 0 0/0 8:03 0:00 0:00
Nikolai Kulemin 0 0 0 0 0 0 0 1 0 0 0/0 8:03 0:00 0:00
Paul Gaustad 0 0 0 0 2 3 1 0 0 0 2/2 11:39 0:00 0:53
R.J. Umberger 0 0 0 -1 0 2 1 0 1 0 0/0 20:36 2:29 1:20
Rich Peverley 0 0 0 0 0 0 1 0 0 0 5/5 8:03 0:00 0:00
Ryan Ellis 0 0 0 0 2 2 0 0 1 0 0/0 26:37 2:27 2:19
T.J. Fast 0 0 0 0 0 0 0 1 0 0 0/0 12:01 0:00 1:03
Tim Connolly 0 1 1 1 0 4 1 0 1 2 12/14 20:14 1:41 3:13
Vladimir Tarasenko 1 0 1 1 0 7 5 0 2 0 0/0 17:54 1:41 1:20
Players Stats for Lightning
Player Name G A P +/- PIM S H SB GA TA FO MP PP MP PK MP
------------------------------------------------------------------------------------
Andy Rogers 0 0 0 0 0 1 0 0 0 0 0/0 18:55 2:11 1:36
Brent Burns 0 0 0 0 0 2 2 2 1 0 0/0 24:53 3:46 2:34
Daniel Carcillo 0 0 0 -1 0 3 2 0 0 0 0/1 18:16 2:32 0:26
Davis Drewiske 0 0 0 -1 0 0 0 0 0 0 0/0 3:26 0:00 0:00
Henrik Zetterberg 1 0 1 1 0 7 1 0 1 1 4/7 25:28 3:05 2:16
Jeff Schultz 0 0 0 0 0 0 2 1 1 1 0/0 28:05 3:46 2:34
John Carlson 0 0 0 1 0 1 1 0 0 1 0/0 18:41 2:11 1:36
Jordan Nolan 0 0 0 0 0 2 0 0 0 0 0/4 13:36 0:23 0:00
Justin Schultz 0 0 0 0 0 1 0 0 0 1 0/0 13:00 0:00 0:00
Kris Versteeg 0 0 0 0 0 3 1 1 0 0 0/2 20:37 3:22 1:19
Loui Eriksson 0 0 0 0 2 2 0 0 1 0 0/1 13:21 0:03 0:00
Pierre-Luc Létourneau 0 1 1 1 0 1 2 0 0 0 0/0 5:58 0:00 0:00
Pierre-Marc Bouchard 0 0 0 -1 2 0 3 0 1 1 8/18 19:09 2:32 1:19
Reilly Smith 0 0 0 1 2 2 0 0 0 0 0/0 6:04 0:00 0:00
Robert Nilsson 0 0 0 0 0 3 2 0 1 1 13/30 21:36 3:22 2:11
Sheldon Keefe 0 0 0 0 0 1 1 0 0 0 0/0 13:51 0:00 0:49
Steve Bernier 0 0 0 -1 0 2 0 1 0 0 0/0 17:51 2:32 0:00
Steve McCarthy 0 0 0 0 0 0 1 2 0 0 0/0 13:00 0:00 0:00
3 Stars
1 - Jonathan Quick (Que)
2 - Vladimir Tarasenko (Que)
3 - Jaroslav Halak (TB.)
Power Play
Nordiques - 1 on 3 Attempt(s) - 33.33%
Lightning - 0 on 3 Attempt(s) - 0.00%
Penalty Kill
Nordiques - 3 on 3 Attempt(s) - 100.00%
- Score 0 goal in Penalty Kill
Lightning - 2 on 3 Attempt(s) - 66.67%
- Score 0 goal in Penalty Kill
Team Stat
Nordiques - Hits : 22 - Faceoff Wins : 38 - Blocked Shots : 10 - Penalty Minutes : 6
Lightning - Hits : 18 - Faceoff Wins : 25 - Blocked Shots : 7 - Penalty Minutes : 6
Official
Referees : Devorski Paul and StLaurent Francois
Linesman : Don Henderson and Andy McElman
Game Notes
No Game Note
Finance
Level 1 -- Attendance: 3933 (65.55%) -- Ticket Income $452,295
Level 2 -- Attendance: 3197 (63.94%) -- Ticket Income $204,608
Level 3 -- Attendance: 1310 (65.50%) -- Ticket Income $57,640
Level 4 -- Attendance: 2307 (57.68%) -- Ticket Income $92,280
Luxury Box -- Attendance: 590 (59.00%) -- Ticket Income $126,850
Game was played at the Tampa Bay Stadium.
Total Attendance: 11337 (62.98%)
Total Ticket Income: $933,673
Other Income: $140,051
Total Income: $1,073,724
Nordiques
5 vs 5 Forward
Center Left Wing Right Wing Time % Phy DF OF
1 Daniel Briere R.J. Umberger Marek Svatos 40 0 1 4
2 Tim Connolly Kyle Calder Vladimir Tarasenko 30 1 1 3
3 Paul Gaustad Matt Moulson Jean-Pierre Dumont 20 1 1 3
4 Rich Peverley Nikolai Kulemin Michael Ryder 10 1 1 3
5 vs 5 Defense
Defense Defense Time % Phy DF OF
1 Bruno Gervais Ryan Ellis 40 1 3 1
2 Marc-André Gragnani Mark Eaton 30 1 3 1
3 T.J. Fast Matt Gilroy 20 1 3 1
4 Bruno Gervais Ryan Ellis 10 1 3 1
PowerPlay Forward
Center Left Wing Right Wing Time % Phy DF OF
1 Daniel Briere R.J. Umberger Marek Svatos 60 0 0 5
2 Tim Connolly Jean-Pierre Dumont Vladimir Tarasenko 40 0 0 5
PowerPlay Defense
Defense Defense Time % Phy DF OF
1 Bruno Gervais Ryan Ellis 60 0 2 3
2 Marc-André Gragnani Mark Eaton 40 0 2 3
Penalty Kill 4 Players Forward
Center Wing Time % Phy DF OF
1 Marek Svatos Tim Connolly 60 1 4 0
2 Vladimir Tarasenko R.J. Umberger 40 1 4 0
Penalty Kill 4 Players Defense
Defense Defense Time % Phy DF OF
1 Bruno Gervais Ryan Ellis 60 2 3 0
2 Marc-André Gragnani Mark Eaton 40 2 3 0
Penalty Kill - 3 Players Forward
Forward Time % Phy DF OF
1 Marek Svatos 60 0 5 0
2 Tim Connolly 40 0 5 0
Penalty Kill - 3 Players Defense
Defense Defense Time % Phy DF OF
1 Bruno Gervais Ryan Ellis 60 1 4 0
2 Marc-André Gragnani Mark Eaton 40 1 4 0
4 vs 4 Forward
Center Wing Time % Phy DF OF
1 Daniel Briere Tim Connolly 60 1 1 3
2 Vladimir Tarasenko R.J. Umberger 40 1 1 3
4 vs 4 Defense
Defense Defense Time % Phy DF OF
1 Bruno Gervais Ryan Ellis 60 1 3 1
2 Marc-André Gragnani Mark Eaton 40 1 3 1
Last Minutes Offensive
Center Left Wing Right Wing Defense Defense
Daniel Briere R.J. Umberger Marek Svatos Bruno Gervais Ryan Ellis
Last Minutes Defensive
Center Left Wing Right Wing Defense Defense
Tim Connolly R.J. Umberger Marek Svatos Matt Gilroy Ryan Ellis
Goaltenders
Starting : Jonathan Quick
Backup : Julien Ellis
Extra Forwards
Normal : Vladimir Tarasenko, Daniel Briere, Marek Svatos - PP : Vladimir Tarasenko, Daniel Briere - PK : Paul Gaustad
Extra Defensemen
Normal : Ryan Ellis, Bruno Gervais, Mark Eaton - PP : Ryan Ellis - PK : Mark Eaton, T.J. Fast
Penalty Shots
Marek Svatos, Tim Connolly, Vladimir Tarasenko, R.J. Umberger, Daniel Briere
Scratches
Dustin Byfuglien (Left Forearm Injury), Fedor Tyutin (Bruised Right Arm Injury), Petr Kalus (Healthy)
Lightning
5 vs 5 Forward
Center Left Wing Right Wing Time % Phy DF OF
1 Robert Nilsson Henrik Zetterberg Kris Versteeg 40 1 2 2
2 Pierre-Marc Bouchard Daniel Carcillo Steve Bernier 30 1 2 2
3 Jordan Nolan Loui Eriksson Sheldon Keefe 20 1 2 2
4 Henrik Zetterberg Pierre-Luc Létourneau Reilly Smith 10 1 2 2
5 vs 5 Defense
Defense Defense Time % Phy DF OF
1 Jeff Schultz Brent Burns 40 1 2 2
2 John Carlson Andy Rogers 30 1 2 2
3 Steve McCarthy Justin Schultz 20 1 2 2
4 Davis Drewiske Jeff Schultz 10 1 2 2
PowerPlay Forward
Center Left Wing Right Wing Time % Phy DF OF
1 Robert Nilsson Henrik Zetterberg Kris Versteeg 60 1 2 2
2 Pierre-Marc Bouchard Daniel Carcillo Steve Bernier 40 1 2 2
PowerPlay Defense
Defense Defense Time % Phy DF OF
1 Jeff Schultz Brent Burns 60 1 2 2
2 John Carlson Andy Rogers 40 1 2 2
Penalty Kill 4 Players Forward
Center Wing Time % Phy DF OF
1 Henrik Zetterberg Robert Nilsson 60 1 2 2
2 Kris Versteeg Pierre-Marc Bouchard 40 1 2 2
Penalty Kill 4 Players Defense
Defense Defense Time % Phy DF OF
1 Jeff Schultz Brent Burns 60 1 2 2
2 John Carlson Andy Rogers 40 1 2 2
Penalty Kill - 3 Players Forward
Forward Time % Phy DF OF
1 Henrik Zetterberg 60 1 2 2
2 Robert Nilsson 40 1 2 2
Penalty Kill - 3 Players Defense
Defense Defense Time % Phy DF OF
1 Jeff Schultz Brent Burns 60 1 2 2
2 John Carlson Andy Rogers 40 1 2 2
4 vs 4 Forward
Center Wing Time % Phy DF OF
1 Henrik Zetterberg Robert Nilsson 60 1 2 2
2 Kris Versteeg Pierre-Marc Bouchard 40 1 2 2
4 vs 4 Defense
Defense Defense Time % Phy DF OF
1 Jeff Schultz Brent Burns 60 1 2 2
2 John Carlson Andy Rogers 40 1 2 2
Last Minutes Offensive
Center Left Wing Right Wing Defense Defense
Robert Nilsson Henrik Zetterberg Kris Versteeg Jeff Schultz Brent Burns
Last Minutes Defensive
Center Left Wing Right Wing Defense Defense
Robert Nilsson Henrik Zetterberg Kris Versteeg Jeff Schultz Brent Burns
Goaltenders
Starting : Jaroslav Halak
Backup : Adam Munro
Extra Forwards
Normal : Jordan Nolan, Loui Eriksson, Sheldon Keefe - PP : Jordan Nolan, Loui Eriksson - PK : Sheldon Keefe
Extra Defensemen
Normal : Steve McCarthy, Justin Schultz, Davis Drewiske - PP : Steve McCarthy - PK : Justin Schultz, Davis Drewiske
Penalty Shots
Henrik Zetterberg, Robert Nilsson, Kris Versteeg, Pierre-Marc Bouchard, Jordan Nolan
Scratches
Danny Richmond (Healthy), Mikael Backlund (Abdominal Strain Injury)
% Time on Ice - Nordiques
Lines # - Real PCT - Wanted PCT - Time Play
Normal Forward
1 - 31% - 40% - 15:08
2 - 30% - 30% - 14:53
3 - 22% - 20% - 10:46
4 - 16% - 10% - 8:03
Normal Defense
1 - 39% - 40% - 18:49
2 - 36% - 30% - 17:29
3 - 21% - 20% - 10:29
4 - 4% - 10% - 2:03
PP Forward
1 - 60% - 60% - 2:29
2 - 40% - 40% - 1:41
PP Defense
1 - 59% - 60% - 2:27
2 - 41% - 40% - 1:43
PK Forward
1 - 78% - 60% - 4:37
2 - 22% - 40% - 1:20
PK Defense
1 - 68% - 60% - 4:04
2 - 32% - 40% - 1:53
PK3 Forward
1 - 0% - 60%
2 - 0% - 40%
PK3 Defense
1 - 0% - 60%
2 - 0% - 40%
44 Forward
1 - 0% - 60%
2 - 0% - 40%
44 Defense
1 - 0% - 60%
2 - 0% - 40%
Last Minute Offensive - 0:00
Last Minute Defensive - 1:03
Total
Forward - 60:00
Defense - 60:00
|
% Time on Ice - Lightning
Lines # - Real PCT - Wanted PCT - Time Play
Normal Forward
1 - 31% - 40% - 15:19
2 - 31% - 30% - 15:19
3 - 25% - 20% - 12:04
4 - 12% - 10% - 5:58
Normal Defense
1 - 36% - 40% - 17:45
2 - 31% - 30% - 14:54
3 - 26% - 20% - 12:35
4 - 7% - 10% - 3:26
PP Forward
1 - 57% - 60% - 3:25
2 - 43% - 40% - 2:32
PP Defense
1 - 63% - 60% - 3:46
2 - 37% - 40% - 2:11
PK Forward
1 - 68% - 60% - 2:51
2 - 32% - 40% - 1:19
PK Defense
1 - 62% - 60% - 2:34
2 - 38% - 40% - 1:36
PK3 Forward
1 - 0% - 60%
2 - 0% - 40%
PK3 Defense
1 - 0% - 60%
2 - 0% - 40%
44 Forward
1 - 0% - 60%
2 - 0% - 40%
44 Defense
1 - 0% - 60%
2 - 0% - 40%
Last Minute Offensive - 1:13
Last Minute Defensive - 0:00
Total
Forward - 60:00
Defense - 60:00
|
Play by Play
1st period
0:01 of 1st period - Daniel Briere wins face-off versus Henrik Zetterberg in neutral zone.
0:04 of 1st period - Henrik Zetterberg is hit by Daniel Briere and loses puck.
0:48 of 1st period - Brent Burns is hit by Marc-André Gragnani and loses puck.
1:57 of 1st period - Slapshot by Vladimir Tarasenko.
1:57 of 1st period - Stopped by Jaroslav Halak with a rebound.
2:10 of 1st period - Off-side.
2:11 of 1st period - Rich Peverley wins face-off versus Jordan Nolan in neutral zone.
2:14 of 1st period - Slapshot by Michael Ryder.
2:14 of 1st period - Stopped by Jaroslav Halak without a rebound.
2:15 of 1st period - Rich Peverley wins face-off versus Jordan Nolan in Lightning zone.
2:15 of 1st period - Ryan Ellis is hit by Steve McCarthy and loses puck.
2:24 of 1st period - Slapshot by Michael Ryder.
2:24 of 1st period - Stopped by Jaroslav Halak with a rebound.
2:33 of 1st period - Minor Penalty to Loui Eriksson for Roughing.
2:34 of 1st period - Henrik Zetterberg wins face-off versus Daniel Briere in Lightning zone.
4:16 of 1st period - R.J. Umberger is hit by Daniel Carcillo and loses puck.
4:33 of 1st period - Penalty to Loui Eriksson is over, Loui Eriksson is back on ice.
6:15 of 1st period - Wrist shot by Pierre-Luc Létourneau.
6:15 of 1st period - Stopped by Jonathan Quick with a rebound.
7:14 of 1st period - Jean-Pierre Dumont is hit by Pierre-Luc Létourneau and loses puck.
7:31 of 1st period - Daniel Carcillo is hit by Vladimir Tarasenko and loses puck.
7:53 of 1st period - Off-side.
7:54 of 1st period - Rich Peverley wins face-off versus Pierre-Marc Bouchard in neutral zone.
8:12 of 1st period - Nikolai Kulemin is hit by Pierre-Marc Bouchard and loses puck.
8:28 of 1st period - Icing by Robert Nilsson.
8:29 of 1st period - Daniel Briere wins face-off versus Robert Nilsson in Lightning zone.
8:30 of 1st period - Snap shot by Marek Svatos.
8:30 of 1st period - Stopped by Jaroslav Halak without a rebound.
8:31 of 1st period - Henrik Zetterberg wins face-off versus Daniel Briere in Lightning zone.
8:31 of 1st period - Henrik Zetterberg is hit by Marek Svatos.
8:39 of 1st period - Bruno Gervais is hit by Robert Nilsson.
8:48 of 1st period - Daniel Briere is hit by Brent Burns and loses puck.
9:09 of 1st period - Wrist shot by Jordan Nolan.
9:09 of 1st period - Shot Misses the Net.
9:11 of 1st period - Backhand shot by Brent Burns.
9:11 of 1st period - Shot Blocked by Marek Svatos.
9:41 of 1st period - Bruno Gervais is hit by Pierre-Luc Létourneau and loses puck.
10:03 of 1st period - Icing by Rich Peverley.
10:04 of 1st period - Rich Peverley wins face-off versus Loui Eriksson in Nordiques zone.
10:18 of 1st period - Slapshot by John Carlson.
10:18 of 1st period - Shot Blocked by Nikolai Kulemin.
10:20 of 1st period - Wrist shot by John Carlson.
10:20 of 1st period - Deflect By Loui Eriksson.
10:20 of 1st period - Stopped by Jonathan Quick without a rebound.
10:21 of 1st period - Robert Nilsson wins face-off versus Daniel Briere in Nordiques zone.
11:07 of 1st period - Snap shot by Kris Versteeg.
11:07 of 1st period - Stopped by Jonathan Quick with a rebound.
11:09 of 1st period - Slapshot by Robert Nilsson.
11:09 of 1st period - Shot Blocked by Mark Eaton.
11:15 of 1st period - Snap shot by Henrik Zetterberg.
11:15 of 1st period - Stopped by Jonathan Quick without a rebound.
11:16 of 1st period - Pierre-Marc Bouchard wins face-off versus Daniel Briere in Nordiques zone.
11:23 of 1st period - Snap shot by Steve Bernier.
11:23 of 1st period - Stopped by Jonathan Quick without a rebound.
11:24 of 1st period - Pierre-Marc Bouchard wins face-off versus Marek Svatos in Nordiques zone.
11:31 of 1st period - Wrist shot by Pierre-Marc Bouchard.
11:31 of 1st period - Shot Misses the Net.
11:49 of 1st period - Slapshot by Vladimir Tarasenko.
11:49 of 1st period - Stopped by Jaroslav Halak with a rebound.
13:01 of 1st period - Wrist shot by Loui Eriksson.
13:01 of 1st period - Shot Misses the Net.
13:26 of 1st period - Robert Nilsson is hit by Vladimir Tarasenko and loses puck.
13:40 of 1st period - Icing by Steve McCarthy.
13:41 of 1st period - Pierre-Marc Bouchard wins face-off versus Daniel Briere in Lightning zone.
13:56 of 1st period - Marek Svatos is hit by Pierre-Marc Bouchard and loses puck.
14:04 of 1st period - Icing by Daniel Briere.
14:05 of 1st period - Tim Connolly wins face-off versus Jordan Nolan in Nordiques zone.
14:16 of 1st period - Snap shot by Vladimir Tarasenko.
14:16 of 1st period - Stopped by Jaroslav Halak without a rebound.
14:17 of 1st period - Robert Nilsson wins face-off versus Daniel Briere in Lightning zone.
14:26 of 1st period - Daniel Briere is hit by Kris Versteeg and loses puck.
15:55 of 1st period - Snap shot by Marek Svatos.
15:55 of 1st period - Shot Misses the Net.
16:05 of 1st period - Brent Burns is hit by Kyle Calder and loses puck.
16:32 of 1st period - Snap shot by Loui Eriksson.
16:32 of 1st period - Shot Hit the Post.
16:34 of 1st period - Snap shot by Loui Eriksson.
16:34 of 1st period - Stopped by Jonathan Quick without a rebound.
16:35 of 1st period - Daniel Briere wins face-off versus Robert Nilsson in Nordiques zone.
17:26 of 1st period - Slapshot by John Carlson.
17:26 of 1st period - Shot Blocked by Bruno Gervais.
18:31 of 1st period - Snap shot by Vladimir Tarasenko.
18:31 of 1st period - Goal by Vladimir Tarasenko - Nordiques : 1 - Lightning : 0.
18:32 of 1st period - Daniel Briere wins face-off versus Robert Nilsson in neutral zone.
19:46 of 1st period - Minor Penalty to Ryan Ellis for Tripping.
19:47 of 1st period - Robert Nilsson wins face-off versus Marek Svatos in Nordiques zone.
19:58 of 1st period - Wrist shot by Robert Nilsson.
19:58 of 1st period - Shot Blocked by Mark Eaton.
Goals for this period are 1 for Nordiques vs 0 for Lightning .
Shots for this period are 7 for Nordiques vs 6 for Lightning .
2nd period
0:01 of 2nd period - Robert Nilsson wins face-off versus Marek Svatos in neutral zone.
0:04 of 2nd period - Wrist shot by Brent Burns.
0:04 of 2nd period - Stopped by Jonathan Quick without a rebound.
0:05 of 2nd period - Robert Nilsson wins face-off versus Marek Svatos in Nordiques zone.
1:46 of 2nd period - Penalty to Ryan Ellis is over, Ryan Ellis is back on ice.
2:37 of 2nd period - Slapshot by Paul Gaustad.
2:37 of 2nd period - Shot Misses the Net.
3:13 of 2nd period - Jordan Nolan is hit by Vladimir Tarasenko and loses puck.
3:43 of 2nd period - Justin Schultz is hit by Rich Peverley and loses puck.
4:17 of 2nd period - Icing by Vladimir Tarasenko.
4:18 of 2nd period - Tim Connolly wins face-off versus Robert Nilsson in Nordiques zone.
4:29 of 2nd period - Wrist shot by Robert Nilsson.
4:29 of 2nd period - Stopped by Jonathan Quick without a rebound.
4:30 of 2nd period - Robert Nilsson wins face-off versus Daniel Briere in Nordiques zone.
4:31 of 2nd period - Snap shot by Henrik Zetterberg.
4:31 of 2nd period - Stopped by Jonathan Quick without a rebound.
4:32 of 2nd period - Daniel Briere wins face-off versus Robert Nilsson in Nordiques zone.
4:57 of 2nd period - Minor Penalty to Pierre-Marc Bouchard for Goalie Interference.
4:58 of 2nd period - Henrik Zetterberg wins face-off versus Daniel Briere in Lightning zone.
5:03 of 2nd period - Icing by Ryan Ellis.
5:04 of 2nd period - Daniel Briere wins face-off versus Henrik Zetterberg in Nordiques zone.
5:09 of 2nd period - Slapshot by Daniel Briere.
5:09 of 2nd period - Goal by Daniel Briere - Nordiques : 2 - Lightning : 0.
5:10 of 2nd period - Daniel Briere wins face-off versus Kris Versteeg in neutral zone.
5:17 of 2nd period - Slapshot by Ryan Ellis.
5:17 of 2nd period - Deflect By Marek Svatos.
5:17 of 2nd period - Stopped by Jaroslav Halak with a rebound.
5:19 of 2nd period - Slapshot by R.J. Umberger.
5:19 of 2nd period - Stopped by Jaroslav Halak without a rebound.
5:20 of 2nd period - Daniel Briere wins face-off versus Robert Nilsson in Lightning zone.
5:21 of 2nd period - Slapshot by Ryan Ellis.
5:21 of 2nd period - Shot Misses the Net.
5:23 of 2nd period - Wrist shot by Ryan Ellis.
5:23 of 2nd period - Deflect By Marek Svatos.
5:23 of 2nd period - Shot Blocked by Brent Burns.
5:23 of 2nd period - Puck is out of play.
5:24 of 2nd period - Robert Nilsson wins face-off versus Daniel Briere in Lightning zone.
5:39 of 2nd period - Backhand shot by Daniel Briere.
5:39 of 2nd period - Stopped by Jaroslav Halak without a rebound.
5:40 of 2nd period - Tim Connolly wins face-off versus Pierre-Marc Bouchard in Lightning zone.
5:41 of 2nd period - Slapshot by Vladimir Tarasenko.
5:41 of 2nd period - Stopped by Jaroslav Halak with a rebound.
5:43 of 2nd period - Snap shot by Vladimir Tarasenko.
5:43 of 2nd period - Shot Blocked by Jeff Schultz.
5:45 of 2nd period - Slapshot by Kyle Calder.
5:45 of 2nd period - Shot Blocked by Brent Burns.
5:47 of 2nd period - Snap shot by Tim Connolly.
5:47 of 2nd period - Stopped by Jaroslav Halak with a rebound.
5:49 of 2nd period - Wrist shot by Kyle Calder.
5:49 of 2nd period - Stopped by Jaroslav Halak with a rebound.
6:12 of 2nd period - Icing by Henrik Zetterberg.
6:13 of 2nd period - Daniel Briere wins face-off versus Robert Nilsson in Lightning zone.
6:16 of 2nd period - Snap shot by Daniel Briere.
6:16 of 2nd period - Stopped by Jaroslav Halak with a rebound.
6:18 of 2nd period - Backhand shot by R.J. Umberger.
6:18 of 2nd period - Shot Hit the Post.
6:20 of 2nd period - Slapshot by Daniel Briere.
6:20 of 2nd period - Stopped by Jaroslav Halak with a rebound.
6:22 of 2nd period - Snap shot by R.J. Umberger.
6:22 of 2nd period - Stopped by Jaroslav Halak without a rebound.
6:23 of 2nd period - Robert Nilsson wins face-off versus Daniel Briere in Lightning zone.
6:38 of 2nd period - Snap shot by Henrik Zetterberg.
6:38 of 2nd period - Stopped by Jonathan Quick with a rebound.
6:40 of 2nd period - Wrist shot by Kris Versteeg.
6:40 of 2nd period - Shot Blocked by Daniel Briere.
6:52 of 2nd period - Slapshot by Loui Eriksson.
6:52 of 2nd period - Shot Misses the Net.
6:54 of 2nd period - Slapshot by Loui Eriksson.
6:54 of 2nd period - Shot Blocked by Marek Svatos.
6:56 of 2nd period - Wrist shot by Sheldon Keefe.
6:56 of 2nd period - Stopped by Jonathan Quick without a rebound.
6:57 of 2nd period - Tim Connolly wins face-off versus Jordan Nolan in Nordiques zone.
7:42 of 2nd period - Snap shot by Ryan Ellis.
7:42 of 2nd period - Stopped by Jaroslav Halak without a rebound.
7:43 of 2nd period - Robert Nilsson wins face-off versus Daniel Briere in Lightning zone.
7:50 of 2nd period - Wrist shot by Daniel Briere.
7:50 of 2nd period - Shot Blocked by Kris Versteeg.
8:19 of 2nd period - Snap shot by Michael Ryder.
8:19 of 2nd period - Stopped by Jaroslav Halak with a rebound.
8:41 of 2nd period - Snap shot by Paul Gaustad.
8:41 of 2nd period - Shot Misses the Net.
8:47 of 2nd period - Minor Penalty to Reilly Smith for Interference.
8:48 of 2nd period - Daniel Briere wins face-off versus Henrik Zetterberg in Lightning zone.
10:25 of 2nd period - Daniel Briere is hit by Brent Burns and loses puck.
10:30 of 2nd period - Wrist shot by Kris Versteeg.
10:30 of 2nd period - Stopped by Jonathan Quick without a rebound.
10:31 of 2nd period - Tim Connolly wins face-off versus Kris Versteeg in Nordiques zone.
10:42 of 2nd period - R.J. Umberger is hit by Jeff Schultz and loses puck.
10:47 of 2nd period - Penalty to Reilly Smith is over, Reilly Smith is back on ice.
11:03 of 2nd period - Snap shot by Daniel Carcillo.
11:03 of 2nd period - Shot Misses the Net.
11:47 of 2nd period - Off-side.
11:48 of 2nd period - Pierre-Marc Bouchard wins face-off versus Tim Connolly in neutral zone.
12:11 of 2nd period - Jordan Nolan is hit by Kyle Calder and loses puck.
12:57 of 2nd period - Off-side.
12:58 of 2nd period - Paul Gaustad wins face-off versus Pierre-Marc Bouchard in neutral zone.
13:27 of 2nd period - Wrist shot by Matt Moulson.
13:27 of 2nd period - Shot Misses the Net.
13:29 of 2nd period - Snap shot by Paul Gaustad.
13:29 of 2nd period - Stopped by Jaroslav Halak without a rebound.
13:30 of 2nd period - Daniel Briere wins face-off versus Robert Nilsson in Lightning zone.
13:35 of 2nd period - Slapshot by Marek Svatos.
13:35 of 2nd period - Stopped by Jaroslav Halak with a rebound.
13:45 of 2nd period - Wrist shot by Marek Svatos.
13:45 of 2nd period - Stopped by Jaroslav Halak without a rebound.
13:46 of 2nd period - Pierre-Marc Bouchard wins face-off versus Tim Connolly in Lightning zone.
13:46 of 2nd period - Pierre-Marc Bouchard is hit by Bruno Gervais.
13:56 of 2nd period - Slapshot by Brent Burns.
13:56 of 2nd period - Deflect By Daniel Carcillo.
13:56 of 2nd period - Stopped by Jonathan Quick without a rebound.
13:57 of 2nd period - Daniel Briere wins face-off versus Robert Nilsson in Nordiques zone.
15:10 of 2nd period - Wrist shot by Robert Nilsson.
15:10 of 2nd period - Stopped by Jonathan Quick without a rebound.
15:11 of 2nd period - Rich Peverley wins face-off versus Robert Nilsson in Nordiques zone.
15:16 of 2nd period - Slapshot by Ryan Ellis.
15:16 of 2nd period - Stopped by Jaroslav Halak without a rebound.
15:17 of 2nd period - Daniel Briere wins face-off versus Robert Nilsson in Lightning zone.
15:18 of 2nd period - Wrist shot by Marek Svatos.
15:18 of 2nd period - Stopped by Jaroslav Halak without a rebound.
15:19 of 2nd period - Robert Nilsson wins face-off versus Daniel Briere in Lightning zone.
15:26 of 2nd period - Slapshot by Brent Burns.
15:26 of 2nd period - Shot Blocked by Bruno Gervais.
15:32 of 2nd period - Wrist shot by Henrik Zetterberg.
15:32 of 2nd period - Stopped by Jonathan Quick with a rebound.
15:46 of 2nd period - Snap shot by Tim Connolly.
15:46 of 2nd period - Stopped by Jaroslav Halak without a rebound.
15:47 of 2nd period - Tim Connolly wins face-off versus Pierre-Marc Bouchard in Lightning zone.
16:29 of 2nd period - Minor Penalty to Kyle Calder for Holding.
16:30 of 2nd period - Robert Nilsson wins face-off versus Marek Svatos in Nordiques zone.
16:32 of 2nd period - Wrist shot by Kris Versteeg.
16:32 of 2nd period - Shot Blocked by Bruno Gervais.
16:34 of 2nd period - Slapshot by Brent Burns.
16:34 of 2nd period - Deflect By Marek Svatos.
16:34 of 2nd period - Stopped by Jonathan Quick with a rebound.
16:40 of 2nd period - Snap shot by Robert Nilsson.
16:40 of 2nd period - Stopped by Jonathan Quick with a rebound.
16:44 of 2nd period - Snap shot by Henrik Zetterberg.
16:44 of 2nd period - Stopped by Jonathan Quick without a rebound.
16:45 of 2nd period - Robert Nilsson wins face-off versus Marek Svatos in Nordiques zone.
17:06 of 2nd period - Snap shot by Daniel Carcillo.
17:06 of 2nd period - Stopped by Jonathan Quick without a rebound.
17:07 of 2nd period - Marek Svatos wins face-off versus Pierre-Marc Bouchard in Nordiques zone.
18:09 of 2nd period - John Carlson is hit by Vladimir Tarasenko and loses puck.
18:29 of 2nd period - Penalty to Kyle Calder is over, Kyle Calder is back on ice.
Goals for this period are 1 for Nordiques vs 0 for Lightning .
Shots for this period are 18 for Nordiques vs 13 for Lightning .
3rd period
0:01 of 3rd period - Daniel Briere wins face-off versus Robert Nilsson in neutral zone.
0:04 of 3rd period - Snap shot by R.J. Umberger.
0:04 of 3rd period - Deflect By Daniel Briere.
0:04 of 3rd period - Stopped by Jaroslav Halak without a rebound.
0:05 of 3rd period - Robert Nilsson wins face-off versus Daniel Briere in Lightning zone.
0:18 of 3rd period - Snap shot by Marek Svatos.
0:18 of 3rd period - Stopped by Jaroslav Halak with a rebound.
0:30 of 3rd period - Kyle Calder is hit by Daniel Carcillo and loses puck.
1:25 of 3rd period - Slapshot by Kris Versteeg.
1:25 of 3rd period - Shot Misses the Net.
1:27 of 3rd period - Snap shot by Henrik Zetterberg.
1:27 of 3rd period - Stopped by Jonathan Quick without a rebound.
1:28 of 3rd period - Tim Connolly wins face-off versus Daniel Carcillo in Nordiques zone.
1:35 of 3rd period - Daniel Carcillo is hit by Vladimir Tarasenko.
1:39 of 3rd period - Slapshot by Andy Rogers.
1:39 of 3rd period - Deflect By Vladimir Tarasenko.
1:39 of 3rd period - Stopped by Jonathan Quick with a rebound.
1:41 of 3rd period - Slapshot by John Carlson.
1:41 of 3rd period - Deflect By Ryan Ellis.
1:41 of 3rd period - Stopped by Jonathan Quick with a rebound.
2:11 of 3rd period - Icing by Justin Schultz.
2:12 of 3rd period - Paul Gaustad wins face-off versus Robert Nilsson in Lightning zone.
2:17 of 3rd period - Wrist shot by Tim Connolly.
2:17 of 3rd period - Stopped by Jaroslav Halak with a rebound.
2:19 of 3rd period - Snap shot by Vladimir Tarasenko.
2:19 of 3rd period - Stopped by Jaroslav Halak without a rebound.
2:20 of 3rd period - Tim Connolly wins face-off versus Pierre-Marc Bouchard in Lightning zone.
2:21 of 3rd period - Wrist shot by Vladimir Tarasenko.
2:21 of 3rd period - Shot Hit the Post.
2:23 of 3rd period - Wrist shot by Tim Connolly.
2:23 of 3rd period - Stopped by Jaroslav Halak without a rebound.
2:24 of 3rd period - Daniel Briere wins face-off versus Pierre-Marc Bouchard in Lightning zone.
2:52 of 3rd period - Slapshot by Brent Burns.
2:52 of 3rd period - Deflect By Kris Versteeg.
2:52 of 3rd period - Stopped by Jonathan Quick without a rebound.
2:53 of 3rd period - Tim Connolly wins face-off versus Robert Nilsson in Nordiques zone.
2:53 of 3rd period - Tim Connolly is hit by John Carlson.
3:04 of 3rd period - Snap shot by Vladimir Tarasenko.
3:04 of 3rd period - Stopped by Jaroslav Halak without a rebound.
3:05 of 3rd period - Henrik Zetterberg wins face-off versus Daniel Briere in Lightning zone.
4:14 of 3rd period - Wrist shot by Daniel Briere.
4:14 of 3rd period - Shot Misses the Net.
4:22 of 3rd period - Wrist shot by Henrik Zetterberg.
4:22 of 3rd period - Goal by Henrik Zetterberg - Nordiques : 2 - Lightning : 1.
4:23 of 3rd period - Daniel Briere wins face-off versus Robert Nilsson in neutral zone.
4:53 of 3rd period - Snap shot by Steve Bernier.
4:53 of 3rd period - Stopped by Jonathan Quick with a rebound.
5:48 of 3rd period - Off-side.
5:49 of 3rd period - Pierre-Marc Bouchard wins face-off versus Daniel Briere in neutral zone.
6:04 of 3rd period - Snap shot by Daniel Carcillo.
6:04 of 3rd period - Shot Blocked by T.J. Fast.
6:14 of 3rd period - Tim Connolly is hit by Robert Nilsson and loses puck.
6:37 of 3rd period - Wrist shot by Jean-Pierre Dumont.
6:37 of 3rd period - Shot Blocked by Steve McCarthy.
6:39 of 3rd period - Snap shot by Matt Moulson.
6:39 of 3rd period - Shot Blocked by Steve McCarthy.
6:41 of 3rd period - Snap shot by Ryan Ellis.
6:41 of 3rd period - Shot Misses the Net.
6:43 of 3rd period - Slapshot by Matt Moulson.
6:43 of 3rd period - Shot Misses the Net.
6:45 of 3rd period - Snap shot by Bruno Gervais.
6:45 of 3rd period - Stopped by Jaroslav Halak without a rebound.
6:46 of 3rd period - Pierre-Marc Bouchard wins face-off versus Daniel Briere in Lightning zone.
7:01 of 3rd period - Snap shot by Daniel Carcillo.
7:01 of 3rd period - Stopped by Jonathan Quick with a rebound.
7:39 of 3rd period - Wrist shot by Jordan Nolan.
7:39 of 3rd period - Stopped by Jonathan Quick with a rebound.
7:41 of 3rd period - Slapshot by Justin Schultz.
7:41 of 3rd period - Stopped by Jonathan Quick with a rebound.
7:43 of 3rd period - Wrist shot by Jordan Nolan.
7:43 of 3rd period - Stopped by Jonathan Quick without a rebound.
7:44 of 3rd period - Pierre-Marc Bouchard wins face-off versus Daniel Briere in Nordiques zone.
8:09 of 3rd period - Tim Connolly is hit by Henrik Zetterberg and loses puck.
8:23 of 3rd period - Icing by Tim Connolly.
8:24 of 3rd period - Tim Connolly wins face-off versus Pierre-Marc Bouchard in Nordiques zone.
8:39 of 3rd period - Slapshot by Vladimir Tarasenko.
8:39 of 3rd period - Shot Blocked by Steve Bernier.
9:09 of 3rd period - Wrist shot by Jordan Nolan.
9:09 of 3rd period - Shot Misses the Net.
10:12 of 3rd period - Andy Rogers is hit by Mark Eaton and loses puck.
10:19 of 3rd period - Wrist shot by Jean-Pierre Dumont.
10:19 of 3rd period - Shot Misses the Net.
10:33 of 3rd period - Snap shot by Reilly Smith.
10:33 of 3rd period - Stopped by Jonathan Quick with a rebound.
10:35 of 3rd period - Snap shot by Reilly Smith.
10:35 of 3rd period - Stopped by Jonathan Quick with a rebound.
11:03 of 3rd period - Jean-Pierre Dumont is hit by Sheldon Keefe and loses puck.
12:16 of 3rd period - Brent Burns is hit by Matt Gilroy.
12:26 of 3rd period - Jeff Schultz is hit by Matt Gilroy and loses puck.
12:39 of 3rd period - Vladimir Tarasenko is hit by Jeff Schultz.
13:44 of 3rd period - Kyle Calder is hit by Pierre-Marc Bouchard and loses puck.
14:02 of 3rd period - Pierre-Luc Létourneau is hit by Bruno Gervais and loses puck.
14:25 of 3rd period - Andy Rogers is hit by Marc-André Gragnani.
14:50 of 3rd period - Brent Burns is hit by R.J. Umberger and loses puck.
15:05 of 3rd period - Reilly Smith is hit by Paul Gaustad and loses puck.
15:26 of 3rd period - Minor Penalty to Paul Gaustad for Tripping.
15:27 of 3rd period - Marek Svatos wins face-off versus Pierre-Marc Bouchard in Nordiques zone.
15:32 of 3rd period - Jeff Schultz is hit by Tim Connolly and loses puck.
16:27 of 3rd period - Henrik Zetterberg is hit by Kyle Calder and loses puck.
17:26 of 3rd period - Penalty to Paul Gaustad is over, Paul Gaustad is back on ice.
17:33 of 3rd period - Snap shot by Jean-Pierre Dumont.
17:33 of 3rd period - Shot Misses the Net.
17:35 of 3rd period - Snap shot by Paul Gaustad.
17:35 of 3rd period - Stopped by Jaroslav Halak with a rebound.
17:37 of 3rd period - Snap shot by Jean-Pierre Dumont.
17:37 of 3rd period - Shot Misses the Net.
17:39 of 3rd period - Wrist shot by Paul Gaustad.
17:39 of 3rd period - Stopped by Jaroslav Halak without a rebound.
17:40 of 3rd period - Jean-Pierre Dumont wins face-off versus Pierre-Marc Bouchard in Lightning zone.
17:57 of 3rd period - Justin Schultz is hit by Marek Svatos.
18:59 of 3rd period - Lightning , Jaroslav Halak is pulled from the net.
19:11 of 3rd period - Wrist shot by Henrik Zetterberg.
19:11 of 3rd period - Deflect By Robert Nilsson.
19:11 of 3rd period - Shot Misses the Net.
19:11 of 3rd period - Puck is out of play.
19:12 of 3rd period - Mike Babcock call a timeout for Lightning .
19:12 of 3rd period - Tim Connolly wins face-off versus Robert Nilsson in Nordiques zone.
19:47 of 3rd period - Off-side.
19:48 of 3rd period - Tim Connolly wins face-off versus Robert Nilsson in neutral zone.
Goals for this period are 0 for Nordiques vs 1 for Lightning .
Shots for this period are 9 for Nordiques vs 12 for Lightning .
Back to the Top